AoeStats
← tavoo

Four Lakes

507798938Analyzed
1v1 RM · 14d ago on Sep 19, 2026· 41m 44s· 2 players
Game mode
Random Map
Map size
Tiny (2 player)
Population
200
Speed
Normal
Resources
Standard
Victory
Conquest
Starting age
Dark Age
Ending age
Imperial Age
RankedLock teamsTeams togetherTeam positionsShared explorationLock speedFull tech treeHidden civsTurbo modeCheats
Victory
Defeat
🇧🇷 Persians · Brazil
1409
+18
🇲🇽 Persians · Mexico
1455
-18
Capitão T
2:41 Loom
10:40 Feudal Age
11:25 Double-Bit Axe
11:53 Horse Collar
17:15 Castle Age
16:00 Forging
17:08 Bloodlines
18:40 Husbandry
19:24 Scale Barding Armor
22:42 Wheelbarrow
21:52 Town Watch
22:33 Gold Mining
24:07 Iron Casting
23:25 Fishing Lines
24:28 Gillnets
27:17 Chain Barding Armor
30:18 Fletching
30:59 Hand Cart
31:15 Bow Saw
31:06 Heavy Plow
35:45 Imperial Age
34:53 Gold Shaft Mining
36:39 Plate Barding Armor
35:25 Heavy Camel Rider
37:15 Conscription
38:24 Blast Furnace
40:02 Squires
40:41 Scale Mail Armor
40:25 Pikeman
tavoo
4:51 Loom
10:22 Feudal Age
10:56 Double-Bit Axe
16:45 Castle Age
14:56 Fishing Lines
16:24 Forging
16:25 Bloodlines
17:52 Iron Casting
19:43 Scale Barding Armor
24:21 Fletching
24:29 Town Watch
25:24 Wheelbarrow
27:21 Hand Cart
28:11 Bodkin Arrow
30:15 Padded Archer Armor
35:56 Imperial Age
33:49 Gold Mining
33:50 Stone Mining
34:42 Ballistics
34:54 Chain Barding Armor
35:46 Leather Archer Armor
36:05 Thumb Ring
36:08 Husbandry
37:41 Conscription
38:03 Plate Barding Armor
36:53 Heavy Camel Rider
38:11 Heavy Cavalry Archer
40:37 Chemistry
40:42 Blast Furnace
Connection lost

Rejoining the realm…

Still unreachable

The connection could not be restored.

Session expired

The server has moved on; the page needs a fresh start.